Map: Honorgrounds LE

Players

Railgan - Winner!

  • Race: Zerg Zerg
  • League: Grandmaster
  • Spawn Location: 5:00

starkiller

  • Race: Zerg Zerg
  • League: Grandmaster
  • Spawn Location: 11:00

VOD

Have the link to the VOD?

Description

Time

  • Played on: March 14, 2017, 8:56 p.m.
  • Length: 8:25
Show
View Real Time Build Order
Export as new Build Order

Railgan Zerg - Winner!

Build Orders: Hatch First, Swarm Host 

Get SALT Encoding   

  12  0:02  Drone  
  13  0:13  Overlord  
  13  0:18  Drone  
  14  0:32  Drone x2  
  16  0:37  Drone  
  17  0:47  Drone  
  18  0:57  Hatchery  
  18  0:58  Drone  
  18  1:02  Extractor  
  17  1:14  Spawning Pool  
  17  1:18  Drone  
  17  1:20  Drone  
  18  1:29  Drone  
  19  1:39  Overlord  
  19  1:59  Drone  
  19  2:01  Queen  
  22  2:02  Zergling x2  
  23  2:09  Queen  
  23  2:10  Drone  
  23  2:13  Drone  
  27  2:17  Metabolic Boost  
  27  2:22  Drone  
  28  2:28  Drone  
  29  2:31  Drone  
  29  2:33  Drone  
  31  2:39  Evolution Chamber  
  31  2:42  Overlord  
  30  2:45  Drone  
  31  2:53  Zergling x2  
  31  2:58  Hatchery  
  31  3:02  Drone  
  31  3:03  Drone  
  31  3:05  Zerg Melee Weapons Level 1  
  33  3:09  Drone  
  33  3:11  Drone x2  
  35  3:14  Drone  
  36  3:20  Drone x2  
  36  3:23  Drone  
  36  3:27  Drone  
  40  3:28  Drone  
  40  3:29  Drone  
  40  3:30  Zergling x2  
  43  3:36  Lair  
  43  3:44  Extractor  
  43  3:46  Extractor  
  41  3:49  Baneling Nest, Zergling x4  
  41  3:51  Zergling x4  
  41  3:53  Overlord  
  44  3:57  Overlord  
  44  4:11  Drone x5  
  44  4:12  Queen  
  44  4:16  Zergling x4  
  53  4:17  Zergling x2  
  53  4:21  Drone  
  53  4:23  Drone  
  58  4:24  Drone x2  
  58  4:29  Drone x2  
  58  4:30  Drone  
  61  4:31  Overlord  
  60  4:42  Baneling x2  
  60  4:43  Zergling x6  
  62  4:46  Drone  
  62  4:48  Drone  
  62  4:49  Infestation Pit  
  62  4:52  Drone  
  64  4:54  Evolution Chamber, Zergling x2  
  64  4:55  Drone x2  
  66  5:01  Drone  
  66  5:02  Drone x3  
  70  5:10  Zergling x4  
  69  5:15  Zergling x2  
  69  5:16  Drone, Zergling x2  
  69  5:20  Baneling  
  69  5:21  Baneling x2, Zerg Melee Weapons Level 2  
  72  5:23  Zerg Ground Armor Level 1  
  72  5:25  Drone x2  
  72  5:26  Drone  
  72  5:28  Extractor x2  
  72  5:29  Drone x2  
  71  5:43  Spore Crawler  
  71  5:47  Drone x2  
  70  5:50  Zergling x8  
  70  5:51  Overlord  
  70  5:52  Overlord  
  70  5:53  Overlord x2  
  70  5:55  Baneling x2, Centrifical Hooks  
  74  5:57  Overlord  
  74  6:01  Overlord  
  72  6:12  Baneling x2  
  72  6:13  Baneling x2  
  72  6:14  Zergling x18  
  79  6:19  Zergling x2  
  79  6:24  Baneling x4  
  79  6:32  Zergling x2  
  80  6:33  Baneling x2  
  80  6:36  Zergling x12  
  83  6:48  Swarm Host  
  83  6:50  Overlord  
  83  6:51  Swarm Host x5  
  100  6:55  Swarm Host  
  100  7:00  Swarm Host x2  
  109  7:09  Zergling x10  
  109  7:10  Baneling, Zergling x2  
  109  7:11  Baneling x2  
  109  7:13  Hatchery  
  114  7:20  Swarm Host x2  
  114  7:22  Zergling x2  
  118  7:27  Baneling x2  
  118  7:32  Zergling x2  
  116  7:45  Zergling x18  
  115  7:54  Swarm Host x3  
  120  8:05  Zergling x2  
  129  8:10  Baneling x5  
Show
View Real Time Build Order
Export as new Build Order

starkiller Zerg 

Build Orders: Hatch First 

Get SALT Encoding   

  12  0:00  Drone  
  13  0:08  Drone  
  14  0:14  Extractor  
  14  0:15  Drone  
  15  0:22  Overlord  
  15  0:40  Drone x2  
  17  0:52  Hatchery  
  17  0:56  Drone  
  17  1:00  Drone  
  17  1:01  Extractor  
  17  1:16  Spawning Pool  
  16  1:18  Drone  
  16  1:24  Drone  
  18  1:26  Drone  
  19  1:37  Overlord  
  19  1:48  Drone  
  20  2:02  Queen  
  20  2:03  Spine Crawler  
  20  2:05  Queen  
  23  2:12  Metabolic Boost  
  23  2:16  Zergling x2  
  24  2:23  Drone x2  
  26  2:30  Drone x2  
  28  2:38  Queen  
  30  2:44  Overlord  
  30  2:51  Zergling x4  
  30  2:56  Drone  
  30  2:57  Drone  
  34  3:03  Drone x2  
  36  3:16  Evolution Chamber  
  36  3:17  Evolution Chamber  
  36  3:19  Drone x3  
  37  3:23  Drone  
  37  3:24  Drone  
  37  3:25  Drone  
  40  3:43  Zerg Melee Weapons Level 1, Zerg Ground Armor Level 1  
  40  3:54  Hatchery  
  39  3:55  Zergling x2  
  39  3:56  Baneling Nest  
  39  4:01  Queen  
  41  4:04  Zergling x2  
  41  4:09  Zergling x2  
  43  4:10  Zergling x2  
  44  4:17  Overlord  
  44  4:20  Overlord  
  44  4:23  Zergling x2  
  43  4:26  Overlord  
  43  4:29  Overlord  
  43  4:43  Baneling x3  
  43  4:44  Zergling x4  
  43  4:45  Zergling x2  
  46  4:46  Zergling x8  
  46  4:47  Zergling x2  
  46  4:51  Drone  
  52  4:55  Drone x2  
  52  4:56  Drone x2  
  52  4:58  Drone  
  52  5:13  Drone x6  
  55  5:20  Zergling x4  
  55  5:24  Zergling x2  
  55  5:26  Zergling x6  
  58  5:29  Zergling x8  
  58  5:31  Baneling x2  
  58  5:34  Zergling x2  
  58  5:35  Extractor  
  58  5:50  Drone x6  
  58  5:51  Drone  
  58  5:53  Lair  
  65  5:59  Drone  
  65  6:01  Drone  
  67  6:04  Baneling x3  
  67  6:05  Drone  
  67  6:07  Hatchery  
  59  6:40  Zergling x18  
  59  6:41  Zergling x16  
  59  6:46  Extractor  
  75  6:48  Overlord  
  75  6:49  Overlord x2, Zergling x2  
  75  7:05  Drone x3  
  75  7:06  Overlord  
  75  7:07  Overlord  
  78  7:11  Overlord  
  78  7:13  Drone x3  
  78  7:15  Zergling x2  
  81  7:20  Zergling x4  
  81  7:21  Zergling x2  
  74  7:23  Baneling x2, Zergling x2  
  74  7:29  Zergling x2  
  75  7:33  Zergling x4  
  75  7:36  Zergling x4  
  78  7:37  Zergling x6  
  78  7:43  Zergling x2  
  78  7:44  Zergling x6  
  66  7:48  Zergling x4  
  66  7:49  Zergling x4  
  66  7:51  Zergling x2  
  60  7:54  Zergling x4  
  60  7:55  Zergling x2  
  54  8:00  Baneling x2, Zergling x2  
  54  8:02  Zergling x2  
  54  8:03  Zergling x2  
  54  8:04  Zergling x4  
  54  8:06  Zergling x4  
Tags
 
Add a new tag
Caveats
  • Supply blocks, unpowered buildings, or Contaminate may cause inaccurate times.
  • Supply counts are checked every 10 seconds.